 Dungeon Crawl Stone Soup version 0.30-a0-870-gc5d4c5acee (webtiles) character file.

Game seed: 2255333352501711411

175 cforsyth the Digger (level 5, 0/28 HPs)
             Began as a Deep Elf Earth Elementalist on Mar 11, 2023.
             Slain by an orc
             ... wielding a +0 war axe
              (8 damage)
             ... on level 5 of the Dungeon.
             The game lasted 00:06:18 (3795 turns).

cforsyth the Digger (Deep Elf Earth Elementalist)   Turns: 3795, Time: 00:06:19

Health: 0/28       AC:  3    Str:  5    XL:     5   Next: 29%
Magic:  12/13      EV: 13    Int: 22    God:
Gold:   147        SH:  0    Dex: 15    Spells: 11/12 levels left

rFire   . . .      SeeInvis .    (no weapon)
rCold   . . .      Faith    .    (no shield)
rNeg    . . .      Spirit   .    a - +0 robe
rPois   .          Reflect  .    (no helmet)
rElec   .          Rampage  .    (no cloak)
rCorr   .                        (no gloves)
Will    .....                    j - +0 pair of boots
Stlth   +++                      s - amulet of magic regeneration
HPRegen 0.24/turn                (no ring)
MPRegen 0.53/turn                (no ring)

@: no status effects
A: no striking features
a: no special abilities


You were on level 5 of the Dungeon.
You visited 1 branch of the dungeon, and saw 5 of its levels.

You collected 147 gold pieces.

Inventory:

Missiles
 f - a throwing net
Armour
 a - a +0 robe (worn)
 j - a +0 pair of boots (worn)
Jewellery
 s - an amulet of magic regeneration (around neck)
Wands
 t - a wand of quicksilver (13)
Scrolls
 c - 3 scrolls of teleportation
 e - a scroll of enchant weapon {unknown}
 h - 3 scrolls of amnesia
 r - a scroll of blinking
 u - a scroll of fog {unknown}
Potions
 b - a potion of magic
 d - a potion of resistance
 i - a potion of mutation
 k - a potion of berserk rage {unknown}
 l - a potion of ambrosia
 n - a potion of flight
 o - a potion of lignification {unknown}
 v - a potion of brilliance {unknown}


   Skills:
 + Level 3.6 Dodging
 + Level 3.9 Stealth
 + Level 4.1 Spellcasting
 + Level 2.6 Transmutations
 + Level 4.1 Earth Magic


You had 11 spell levels left.
You knew the following spells:

 Your Spells              Type           Power      Damage    Failure   Level
a - Sandblast             Erth           44%        2d11      1%          1

Your spell library contained the following spells:

 Spells                   Type           Power      Damage    Failure   Level
 Passwall                 Tmut/Erth      15%        N/A       4%          2
 Stone Arrow              Conj/Erth      26%        3d8       14%         3
 Petrify                  Tmut/Erth      19%        N/A       26%         4


Dungeon Overview and Level Annotations

Branches:
Dungeon (5/15)
 Temple: D:4-7

Altars:
Makhleb

Shops:
D:5 (

Annotations:
D:2 Terence
D:4 1 runed translucent door, 2 transporters, qeuew's ghost, amateur FoFi
D:5 1 runed translucent door, Crazy Yiuf


Message History

a +0 whip; an orc corpse
Found a scroll labelled OCSI POPRYRENA.
You open the door.
There is an open door here.
An ogre comes into view. It is wielding a +0 giant club.
An orc comes into view. It is wielding a +0 whip.
An orc priest comes into view. It is wielding a +0 mace.
The blast of sand hits the orc priest!
The orc priest is heavily wounded.
The orc priest invokes the aid of Beogh against you.
Beogh smites you!
Ouch! That really hurt!
* * * LOW HITPOINT WARNING * * *
You hear a shout!
You are too injured to fight recklessly!
Casting: Sandblast (safe; 1% risk of failure)
Confirm with . or Enter, or press ? or * to list all spells.
Aiming: Sandblast (safe; 1% risk of failure)
Press: ? - help, Shift-Dir - straight line, f/p - orc priest
Aim: an orc priest, wielding a +0 mace (heavily wounded, 83% to hit)
The blast of sand hits the orc priest!!
You kill the orc priest!
You hear a shout! x2
An orc wizard and an orc come into view.
The orc wizard shouts!
The orc shouts!
The orc wizard mumbles some strange words.
The orc wizard flickers and vanishes!
Deactivating autopickup; reactivate with Ctrl-A.
Things that are here:
a +0 mace; a scroll of teleportation
Casting: Sandblast (safe; 1% risk of failure)
Confirm with . or Enter, or press ? or * to list all spells.
Aiming: Sandblast (safe; 1% risk of failure)
Press: ? - help, Shift-Dir - straight line, f - orc
Aim: an orc, wielding a +0 war axe and wearing a +0 scale mail (85% to hit)
The blast of sand hits the orc.
The orc is lightly wounded.
The ogre shouts!
The orc hits you with a +0 war axe!
You die...

*,*****,* **** *,**,,,,* *,,,
*******'**** *,** *,,,,,,,,*
*#######,* *,,,,,,,,* #.......,**
*,,,,,,,,* #.....###*, *,,,,.,,,*
#......?#*,
*,,,,....#############.....#.#*,
**,,,,..O.O.o..o@........#..#.#*,
,,,,,,....#######).......#*...#**
**,,,,.,,,* #........#*,..#
**,*,,,**** #....##'#####.#
,*,,,,,#*##**** ####.##.......###
,*,,,,,..#..,,* ###########...
,***,,,.....#+##########*****#.##
,,,,,,,.....<..#........,,,,*#.#*
,**,***##......#........,,,,*#>#,


You could see an ogre and 2 orcs.

Vanquished Creatures
  An orc priest (D:5)
  5 adders
  3 gnolls
  2 dart slugs
  8 orcs
  7 ball pythons
  8 bats
  3 endoplasms (D:4)
  A giant cockroach (D:4)
  9 goblins
  A hobgoblin (D:1)
  A quokka (D:3)
  3 frilled lizards
  7 kobolds
  2 rats
61 creatures vanquished.

Notes
Turn   | Place    | Note
-------+----------+-------------------------------------------
     0 | D:1      | cforsyth the Deep Elf Earth Elementalist began the quest
                  | for the Orb.
     0 | D:1      | Reached XP level 1. HP: 10/10 MP: 6/6
   361 | D:1      | Reached XP level 2. HP: 15/15 MP: 6/8
   773 | D:1      | Found a faded altar of an unknown god.
  1150 | D:2      | Reached XP level 3. HP: 19/19 MP: 4/9
  1439 | D:2      | Noticed Terence
  2094 | D:2      | Reached XP level 4. HP: 24/24 MP: 8/11
  2363 | D:4      | Found a runed translucent door.
  2397 | D:4      | Noticed qeuew's ghost (amateur FoFi)
  2400 | D:4      | Found a burning altar of Makhleb.
  2457 | D:4      | Found a transporter.
  2673 | D:4      | Found a transporter.
  3256 | D:5      | Entered Level 5 of the Dungeon
  3260 | D:5      | Found Cuustrisa's Weapon Shop.
  3281 | D:5      | Found a runed translucent door.
  3282 | D:5      | Noticed Crazy Yiuf
  3320 | D:5      | Noticed a gnoll sergeant
  3742 | D:5      | Reached XP level 5. HP: 28/28 MP: 11/13
  3779 | D:5      | Noticed an ogre
  3795 | D:5      | Slain by an orc

Illustrated notes

Levels and vault maps discovered:
D:1:      roderic_octagonal_star, layout_basic, chequers_ecumenical_altar_lobes,
          dk_noncrumbling_4
D:2:      layout_basic, uniq_terence
D:3:      layout_rooms, kennysheep_pointless_box
D:4:      gammafunk_wand_slinger, layout_basic, bloody_makhleb,
          hellmonk_ghost_happy_afterlife
D:5:      layout_basic, serial_shops, kennysheep_little_box,
          portal_sewer_entry_e, uniq_duvessa, uniq_ijyb, uniq_crazy_yiuf_cottage

Skill      XL: |  1  2  3  4 |
---------------+-------------+-----
Stealth        | 3 |  3.9
Dodging        | 3 |  3.6
Transmutations | 2 |  2.6
Earth Magic    | 4 |  4.1
Spellcasting   | 4 |  4.1

Action                     |  1- 3 |  4- 6 || total
---------------------------+-------+-------++-------
  Melee: Unarmed           |     1 |       ||     1
   Cast: Sandblast         |    39 |    48 ||    87
    Use: Potion            |     1 |       ||     1
         Scroll            |       |    10 ||    10
 Armour: Robe              |     5 |     2 ||     7
  Dodge: Dodged            |    15 |    16 ||    31

Table legend: (Time is in decaauts)
 A = Elapsed time spent in this place.
 B = Non-inter-level travel time spent in this place.
 C = Inter-level travel time spent in this place.
 D = Time resting spent in this place.
 E = Time spent auto-exploring this place.
 F = Levels seen in this place.
 G = Mean time per level.
                   A        B        C        D        E       F      G
               +--------+--------+--------+--------+--------+-----+--------+
         Total |   3838 |   3676 |    162 |    646 |   2418 |   5 |  767.6 |
       Dungeon |   3838 |   3676 |    162 |    646 |   2418 |   5 |  767.6 |
               +--------+--------+--------+--------+--------+-----+--------+

Top non-repeatable levels by time:
     D:4: 1361 daAuts
     D:1: 1178 daAuts
     D:2: 598 daAuts
     D:3: 511 daAuts
     D:5: 188 daAuts
